 Dungeon Crawl Stone Soup version 0.28-a0-1234-g826d19b2e0 (webtiles) character file.

Game seed: 4029910956430272682

4479 wakim the Zephyrmancer (level 10, -1/56 HPs)
             Began as a Tengu Air Elementalist on Dec 23, 2021.
             Was a Believer of Zin.
             Slain by an unseen horror (6 damage)
             ... on level 7 of the Dungeon.
             The game lasted 00:54:37 (9556 turns).

wakim the Zephyrmancer (Tengu Air Elementalist)     Turns: 9556, Time: 00:54:37

Health: -1/56      AC:  8    Str:  9    XL:     10   Next: 38%
Magic:  13/17      EV: 16    Int: 20    God:    Zin [**....]
Gold:   91         SH:  0    Dex: 14    Spells: 7/17 levels left

rFire   . . .      SeeInvis .   a - staff of poison
rCold   . . .      Faith    .   (no shield)
rNeg    . . .      Spirit   .   Z - +2 robe {Will+}
rPois   +          Reflect  .   (helmet restricted)
rElec   .          Harm     .   i - +1 cloak
rCorr   .          Rampage  .   R - +1 pair of gloves {infuse}
Will    +....                   (boots unavailable)
Stlth   ++........              (no amulet)
HPRegen 0.18/turn               (no ring)
MPRegen 0.15/turn               (no ring)

@: flying quickly and evasively, hasted, very quick
A: beak, talons 3, nimble flight
a: Renounce Religion, Recite, Vitalisation, Donate Gold


You were on level 7 of the Dungeon.
You worshipped Zin.
Zin was pleased with you.
You visited 2 branches of the dungeon, and saw 8 of its levels.

You collected 357 gold pieces.
You spent 231 gold pieces at shops.
You donated 35 gold pieces to Zin.

Inventory:

Hand Weapons
 b - a +5 short sword
Missiles
 L - 2 throwing nets {=f!f}
Armour
 i - a +1 cloak (worn)
 M - a +3 leather armour of fire resistance
 R - a +1 pair of gloves of infusion (worn)
 Z - a +2 robe of willpower (worn)
Magical Staves
 a - a staff of poison (weapon)
Wands
 x - a wand of iceblast (12)
 y - a wand of paralysis (16)
Scrolls
 Q - 2 scrolls of noise {unknown}
 S - 2 scrolls of magic mapping {unknown}
 T - a scroll of teleportation
 U - 4 scrolls of fear
 V - a scroll of fog {unknown}
 Y - a scroll of enchant armour
Potions
 c - 3 potions of mutation {unknown}
 h - a potion of berserk rage {!q}
 B - 3 potions of curing {unknown}
 D - a potion of attraction {unknown}
 H - a potion of haste
 N - 3 potions of might
 O - a potion of brilliance {unknown}
 P - 3 potions of heal wounds {unknown}
 W - a potion of magic {unknown}
 X - a potion of ambrosia {unknown}
Miscellaneous
 m - a phantom mirror


   Skills:
 - Level 4.0 Fighting
 - Level 4.0 Dodging
 - Level 2.0 Stealth
 - Level 4.0 Spellcasting
 - Level 8.0 Conjurations
 - Level 12.0 Air Magic
 - Level 4.0 Poison Magic
 + Level 5.6 Invocations
 + Level 2.7 Evocations


You had 7 spell levels left.
You knew the following spells:

 Your Spells              Type           Power      Damage    Failure   Level
a - Shock                 Conj/Air       100%       1d9       1%          1
b - Airstrike             Air            25%        N/A       1%          4
d - Static Discharge      Conj/Air       44%        N/A       1%          2
f - Mephitic Cloud        Conj/Pois/Air  52%        N/A       1%          3

Your spell library contained the following spells:

 Spells                   Type           Power      Damage    Failure   Level
 Magic Dart               Conj           100%       1d8       1%          1
 Swiftness                Air            51%        N/A       1%          3
 Apportation              Tloc           8%         N/A       13%         1
 Call Imp                 Summ           4%         N/A       19%         2
 Alistair's Intoxication  Tmut/Pois      12%        N/A       83%         5


Dungeon Overview and Level Annotations

Branches:
Dungeon (7/15)             Temple (1/1) D:5

Altars:
Ashenzari
Cheibriados
Dithmenos
Elyvilon
Fedhas
Gozag
Hepliaklqana
Kikubaaqudgha
Makhleb
Nemelex Xobeh
Okawaru
Qazlal
Ru
Sif Muna
Trog
Uskayaw
Vehumet
Wu Jian
Xom
Yredelemnul
Zin
The Shining One

Shops:
D:4 **   D:5 [=


Innate Abilities, Weirdness & Mutations

You have a beak for a mouth.
You have claws for feet.
Your magical nature lets you fly swiftly and evasively.


Message History

The zap hits something. x2; Something completely misses you.
Casting: Shock (safe; 1% risk of failure)
Confirm with . or Enter, or press ? or * to list all spells.
Okay, then.
Casting: Shock (safe; 1% risk of failure)
Confirm with . or Enter, or press ? or * to list all spells.
Aiming: Shock (safe; 1% risk of failure)
Press: ? - help, Shift-Dir - straight line The zap hits something. x2; Something barely misses you.
Something hits you.
Casting: Shock (safe; 1% risk of failure)
Confirm with . or Enter, or press ? or * to list all spells.
Aiming: Shock (safe; 1% risk of failure)
Press: ? - help, Shift-Dir - straight line The zap hits something.
Something hits you! Something hits you.
* * * LOW HITPOINT WARNING * * *
Casting: Shock (safe; 1% risk of failure)
Confirm with . or Enter, or press ? or * to list all spells.
Aiming: Shock (safe; 1% risk of failure)
Press: ? - help, Shift-Dir - straight line, f - you The zap hits something but does no damage.
The zap hits something.
Something hits you.
* * * LOW HITPOINT WARNING * * *
Casting: Shock (safe; 1% risk of failure)
Confirm with . or Enter, or press ? or * to list all spells.
Aiming: Shock (safe; 1% risk of failure)
Press: ? - help, Shift-Dir - straight line, f - you The zap hits something but does no damage.
Something closely misses you. Something hits you.
* * * LOW HITPOINT WARNING * * *
Okay, then.
You feel yourself speed up. Something hits you.
* * * LOW HITPOINT WARNING * * *
Something hits you.
* * * LOW HITPOINT WARNING * * *
Something hits you.
* * * LOW HITPOINT WARNING * * *
Okay, then.
Something hits you but does no damage. Something hits you.
You die...

#.# .......#######..
#.# #.......... #.#
##......... #.#
#.######## #.# #.# #.#
#.# #.######### #.#
#..>......##########.#
#########...@........#
##############


There were no monsters in sight!

Vanquished Creatures
  2 two-headed ogres
  Pikel (D:6)
  Grinder (D:3)
  3 water moccasins (D:6)
  Duvessa (D:6)
  An orc warrior (D:7)
  2 sky beasts
  A necrophage (D:5)
  3 black bears
  4 ogres
  A centaur (D:5)
  A phantom (D:4)
  4 lemures
  A bullfrog (D:7)
  A gnoll sergeant (D:6)
  A scorpion (D:5)
  A water moccasin zombie (D:5)
  Dowan (D:6)
  3 wights (D:6)
  A bullfrog zombie (D:5)
  A centaur zombie (D:7)
  3 hounds
  2 jellies
  An orc priest (D:4)
  Crazy Yiuf (D:2)
  A bullfrog skeleton (D:5)
  A centaur skeleton (D:6)
  2 iguanas
  A scorpion zombie (D:5)
  An orc wizard (D:4)
  A killer bee zombie (D:5)
  A hound zombie (D:5)
  12 adders
  5 gnolls
  A shadow imp (D:6)
  A white imp (D:6)
  4 ufetubi
  A worm (D:2)
  3 dart slugs
  12 orcs
  4 bats
  13 endoplasms
  3 giant cockroaches
  5 hobgoblins
  7 jackals
  3 kobolds
  A quokka (D:4)
  7 ball pythons
  3 frilled lizards
  8 goblins
  5 rats (D:1)
148 creatures vanquished.

Notes
Turn   | Place    | Note
-------+----------+-------------------------------------------
     0 | D:1      | wakim the Tengu Air Elementalist began the quest for the
                  | Orb.
     0 | D:1      | Reached XP level 1. HP: 10/10 MP: 4/4
   195 | D:1      | Reached XP level 2. HP: 15/15 MP: 3/6
   207 | D:1      | Learned a level 2 spell: Static Discharge
   795 | D:1      | Found a faded altar of an unknown god.
   858 | D:1      | Reached XP level 3. HP: 19/19 MP: 3/7
  1472 | D:2      | Found an opulent altar of Gozag.
  1598 | D:2      | Reached skill level 5 in Air Magic
  1606 | D:2      | Reached XP level 4. HP: 24/24 MP: 2/8
  1847 | D:2      | Found a runed translucent door.
  1853 | D:2      | Learned a level 4 spell: Airstrike
  1853 | D:2      | Noticed Crazy Yiuf
  1892 | D:2      | Killed Crazy Yiuf
  2300 | D:3      | Gained mutation: Your magical nature lets you fly swiftly
                  | and evasively. [Tengu growth]
  2300 | D:3      | Reached XP level 5. HP: 28/28 MP: 2/10
  2444 | D:3      | Noticed Grinder
  2450 | D:3      | Paralysed by Grinder for 4 turns
  2454 | D:3      | Killed Grinder
  2455 | D:3      | Reached skill level 5 in Conjurations
  2455 | D:3      | Reached skill level 6 in Air Magic
  2455 | D:3      | Reached XP level 6. HP: 15/32 MP: 0/11
  2929 | D:3      | Noticed a sky beast
  3106 | D:4      | Reached skill level 7 in Air Magic
  3106 | D:4      | Reached XP level 7. HP: 36/36 MP: 7/13
  3761 | D:4      | Found Uwimu's Assorted Antiques.
  3814 | D:4      | Found Caduw's Assorted Antiques.
  4193 | D:5      | Entered Level 5 of the Dungeon
  4772 | D:5      | Reached skill level 8 in Air Magic
  4882 | D:5      | Found Bolinkeh's Antique Armour Emporium.
  4957 | D:5      | Reached XP level 8. HP: 36/41 MP: 7/15
  4990 | D:5      | Found Luonucuh's Jewellery Shop.
  5235 | D:5      | Found a staircase to the Ecumenical Temple.
  5240 | Temple   | Entered the Ecumenical Temple
  5645 | Temple   | Became a worshipper of Zin the Law-Giver
  5645 | Temple   | Reached * piety under Zin
  6011 | D:5      | Reached skill level 9 in Air Magic
  6110 | D:5      | Noticed a two-headed ogre
  6279 | D:5      | Reached skill level 10 in Air Magic
  6671 | D:5      | Reached ** piety under Zin
  7068 | D:5      | Killed a two-headed ogre
  7069 | D:5      | Reached skill level 12 in Air Magic
  7069 | D:5      | Reached skill level 1 in Fighting
  7069 | D:5      | Reached skill level 1 in Invocations
  7069 | D:5      | Reached XP level 9. HP: 33/47 MP: 0/16
  7353 | D:6      | Noticed a two-headed ogre
  7359 | D:6      | Killed a two-headed ogre
  7365 | D:6      | Learned a level 3 spell: Mephitic Cloud
  7551 | D:5      | Reached skill level 1 in Poison Magic
  7685 | D:6      | Noticed Pikel
  8421 | D:6      | Killed Pikel
  8422 | D:6      | Reached XP level 10. HP: 56/56 MP: 1/17
  8530 | D:4      | Bought a scroll labelled YLUCUNGOTH for 29 gold pieces
  8562 | D:5      | Bought a pair of embroidered gloves for 202 gold pieces
  8633 | D:6      | Reached skill level 5 in Invocations
  8633 | D:6      | Reached skill level 1 in Evocations
  8719 | D:6      | Noticed Dowan
  8725 | D:6      | Noticed Duvessa
  8739 | D:6      | Killed Duvessa
  8830 | D:6      | Killed Dowan
  9001 | D:6      | Found a hazy altar of Hepliaklqana.
  9004 | D:6      | Found a shimmering blue altar of Sif Muna.
  9063 | D:7      | Noticed a two-headed ogre
  9556 | D:7      | Slain by an unseen horror

Illustrated notes

Levels and vault maps discovered:
D:1:      onia_arrival_handbag, layout_loops_ring,
          ebering_ecumenical_altar_abandoned, feat_on_display
D:2:      layout_basic, basic_altar, uniq_crazy_yiuf_cottage
D:3:      layout_basic, uniq_grinder
D:4:      layout_basic, serial_corexii_hall, chequers_hall_statues_wall_a,
          corexii_hall_statues_i, serial_shops, nicolae_take_the_stairs, shop,
          minmay_cupped
D:5:      layout_cave_pools, temple_doors_e, serial_shops, shop,
          nicolae_stop_n_shop_1, minivault_25, minmay_joined_circles
D:6:      layout_rooms, nicolae_overflow_hidden_temple, grunt_ministairs_11,
          uniq_pikel, uniq_duvessa
D:7:      cheibrodos_fzero, layout_loops_ring, lightli_minifort, uniq_harold
Temple:   mainiacjoe_temple_big_plus

Skill      XL: |  1  2  3  4  5  6  7  8  9 10 |
---------------+-------------------------------+-----
Conjurations   | 2 3 4 5 7 8 |  8.0
Air Magic      | 5 6 7 8 12 | 12.0
Spellcasting   | 3 4 |  4.0
Fighting       | 1 4 |  4.0
Invocations    | 1 4 5 |  5.6
Dodging        | 4 |  4.0
Poison Magic   | 3 4 |  4.0
Evocations     | 2 |  2.7
Stealth        | |  2.0

Action                   |  1- 3 |  4- 6 |  7- 9 | 10-12 || total
-------------------------+-------+-------+-------+-------++-------
Melee: Unarmed           |     2 |       |       |       ||     2
       Peck              |     1 |     2 |     8 |     5 ||    16
       Dagger            |     1 |       |       |       ||     1
       Mace              |       |    12 |    22 |       ||    34
       Kick              |       |     1 |     7 |     8 ||    16
       Staff             |       |       |    17 |    21 ||    38
 Cast: Shock             |    68 |    55 |   104 |     9 ||   236
       Static Discharge  |     2 |     8 |    43 |    12 ||    65
       Airstrike         |       |       |    28 |    13 ||    41
       Mephitic Cloud    |       |       |     2 |       ||     2
  Use: Scroll            |       |       |     8 |       ||     8
       Potion            |       |       |       |     1 ||     1
 Stab: Sleeping          |       |       |     1 |     1 ||     2
Armor: Leather armour    |     1 |     9 |    23 |       ||    33
       Robe              |       |       |       |    12 ||    12
Dodge: Dodged            |     7 |    30 |   105 |    39 ||   181

Table legend: (Time is in decaauts)
 A = Elapsed time spent in this place.
 B = Non-inter-level travel time spent in this place.
 C = Inter-level travel time spent in this place.
 D = Time resting spent in this place.
 E = Time spent auto-exploring this place.
 F = Levels seen in this place.
 G = Mean time per level.
                   A        B        C        D        E       F      G
               +--------+--------+--------+--------+--------+-----+--------+
         Total |   9172 |   8402 |    770 |   2126 |   2072 |   8 | 1146.5 |
       Dungeon |   8746 |   7995 |    751 |   2126 |   1749 |   7 | 1249.4 |
        Temple |    425 |    407 |     18 |      0 |    322 |   1 |  425.0 |
               +--------+--------+--------+--------+--------+-----+--------+

Top non-repeatable levels by time:
     D:5: 2293 daAuts
     D:4: 1833 daAuts
     D:2: 1143 daAuts
     D:6: 1116 daAuts
     D:3: 974 daAuts
     D:1: 972 daAuts
  Temple: 425 daAuts
     D:7: 412 daAuts
